 Dungeon Crawl Stone Soup version 0.31-a0-1163-gcee99d1eea (webtiles) character file.

Game seed: 3583274701682362715

932 drugrobin the Basher (level 7, -1/56 HPs)
             Began as a Demigod Delver on Dec 9, 2023.
             Slain by Prince Ribbit (7 damage)
             ... on level 6 of the Dungeon.
             The game lasted 00:15:23 (6294 turns).

drugrobin the Basher (Demigod Delver)               Turns: 6294, Time: 00:15:24

Health: -1/56      AC: 10    Str: 21    XL:     7   Next: 55%
Magic:  9/9        EV: 10    Int: 12    God:
Gold:   316        SH:  0    Dex: 15    Spells: 6/6 levels left

rFire   + . .        d - +0 hand axe (elec)
rCold   . . .        (no shield)
rNeg    . . .        D - +2 scale mail {rF+}
rPois   .            (no helmet)
rElec   .            B - scarf "Kunac" {harm, Will+ Regen+}
rCorr   .            y - +1 pair of gloves {hurl}
SInv    .            (no boots)
Will    +....        (no amulet)
Stlth   +            (no ring)
HPRegen 1.09/turn    (no ring)
MPRegen 0.11/turn

%: harm (+30% outgoing, +20% incoming)
@: no status effects
A: high MP 1, forlorn, divine attributes
a: no special abilities


You were on level 6 of the Dungeon.
You visited 1 branch of the dungeon, and saw 6 of its levels.

You collected 316 gold pieces.

Inventory:

Hand Weapons
 a - a +0 quarterstaff
 b - a +0 flail
 c - a +0 sling
 d - a +0 hand axe of electrocution (weapon)
Missiles
 n - 13 poisoned darts
 A - 2 boomerangs (quivered)
Armour
 y - a +1 pair of gloves of hurling (worn)
 B - the scarf "Kunac" (worn) {harm, Will+ Regen+}
   (You found it on level 5 of the Dungeon)

   Will+:     It increases your willpower.
   Regen+:    It increases your rate of health regeneration.
 D - a +2 scale mail of fire resistance (worn)
Wands
 g - a wand of digging (3)
 s - a wand of charming (6)
Scrolls
 e - 2 scrolls of fear
 k - a scroll of identify
 l - a scroll of noise
 m - 2 scrolls of teleportation
 p - 2 scrolls of silence
 r - a scroll of fog
 u - a scroll of enchant armour
 v - 2 scrolls of poison
 w - a scroll of revelation
Potions
 f - 2 potions of haste
 i - a potion of berserk rage {unknown}
 j - a potion of degeneration {unknown}
 o - a potion of lignification {unknown}
 t - a potion of heal wounds {unknown}
 x - 2 potions of enlightenment
 C - a potion of curing {unknown}


   Skills:
 - Level 2.6 Fighting
 + Level 8.5 Maces & Flails
 - Level 1.7 Dodging
 - Level 4.5 Stealth


You had 6 spell levels left.
You didn't know any spells.
Your spell library contained the following spells:

 Spells                   Type           Power      Damage    Failure   Level
 Call Canine Familiar     Summ           0%         N/A       96%         3
 Inner Flame              Hex/Fire       0%         N/A       96%         3
 Sigil of Binding         Hex            0%         N/A       96%         3
 Summon Guardian Golem    Hex/Summ       0%         N/A       96%         3
 Dimensional Bullseye     Hex/Tloc       0%         N/A       100%        4
 Leda's Liquefaction      Hex/Erth       0%         N/A       100%        4
 Yara's Violent Unravell  Hex/Tmut       0%         3d3       100%        5
 Enfeeble                 Hex            0%         N/A       100%        7
 Orb of Destruction       Conj           0%         9d5       100%        7
 Spellforged Servitor     Conj/Summ      0%         N/A       100%        7


Dungeon Overview and Level Annotations

Branches:
Dungeon (6/15)             Temple (0/1) D:5

Shops:
D:5 [

Annotations:
D:2 1 exclusion, Sigmund
D:6 Menkaure, Prince Ribbit


Innate Abilities, Weirdness & Mutations

You have an increased reservoir of magic. (+10% MP)
You shall have no god before yourself.
Your divine heritage dramatically boosts your attributes as you level up.


Message History

You closely miss Prince Ribbit. Prince Ribbit hits you.
You barely miss Prince Ribbit. Prince Ribbit misses you.
Prince Ribbit croaks regally.
Prince Ribbit hits you but does no damage.
You closely miss Prince Ribbit. Prince Ribbit closely misses you.
You hit Prince Ribbit.
Prince Ribbit is lightly wounded.
Prince Ribbit hits you!
You closely miss Prince Ribbit.
Prince Ribbit is lightly wounded.
Prince Ribbit barely misses you. Prince Ribbit closely misses you.
You miss Prince Ribbit.
Prince Ribbit is lightly wounded.
Prince Ribbit hits you but does no damage.
You miss Prince Ribbit.
Prince Ribbit is lightly wounded.
Prince Ribbit hits you but does no damage.
Prince Ribbit hits you!
You barely miss Prince Ribbit.
Prince Ribbit is lightly wounded.
Prince Ribbit lets out a mournful croak.
Prince Ribbit hits you!
You closely miss Prince Ribbit. Prince Ribbit hits you.
Prince Ribbit barely misses you.
You hit Prince Ribbit.
Prince Ribbit is lightly wounded.
Prince Ribbit hits you!
* * * LOW HITPOINT WARNING * * *
Unknown command.
You barely miss Prince Ribbit.
Prince Ribbit is lightly wounded.
Prince Ribbit hits you but does no damage.
Prince Ribbit croaks regally.
Prince Ribbit hits you.
* * * LOW HITPOINT WARNING * * *
Unknown command.
You hit Prince Ribbit.
Prince Ribbit is lightly wounded.
Prince Ribbit hits you.
You die...

## #....$. +M.....
####...... ..........
#+# ..........
##+##.# ...#......
#...F@##.#
<..+..s...##........#
...#............#####
...########.....#
#### #.........
##........
#.........(
#####......
########......


You could see Prince Ribbit.

Vanquished Creatures
  Edmund (D:5)
  An ogre (D:5)
  An ice beast (D:5)
  A centaur (D:5)
  2 scorpions
  A hound (D:5)
  3 jellies
  3 iguanas
  An orc wizard (D:3)
  7 gnolls
  5 adders
  An ufetubus (D:5)
  2 worms (D:2)
  A dart slug (D:1)
  15 orcs
  2 ball pythons
  2 bats (D:2)
  8 endoplasms
  3 giant cockroaches (D:2)
  3 goblins
  8 hobgoblins
  8 jackals
  2 quokkas
  4 frilled lizards
  5 kobolds
  2 rats (D:1)
92 creatures vanquished.

Vanquished Creatures (collateral kills)
  A ball python (D:4)
1 creature vanquished.

Vanquished Creatures (others)
  An ufetubus (D:5)
1 creature vanquished.

Grand Total: 94 creatures vanquished

Notes
Turn   | Place    | Note
-------+----------+-------------------------------------------
     0 | D:5      | drugrobin the Demigod Delver began the quest for the Orb.
     0 | D:5      | Reached XP level 1. HP: 18/18 MP: 3/3
     7 | D:5      | Noticed a hound
    40 | D:5      | Noticed a jelly
    42 | D:5      | Found Ygurr's Armour Emporium.
    56 | D:5      | Noticed Prince Ribbit
   145 | D:4      | Noticed a jelly
   195 | D:4      | Noticed a jelly
   454 | D:4      | Reached skill level 2 in Maces & Flails
   454 | D:4      | Noticed an iguana
   578 | D:1      | Reached XP level 2. HP: 24/25 MP: 4/4
  1111 | D:1      | Reached skill level 3 in Maces & Flails
  1582 | D:2      | Reached XP level 3. HP: 29/30 MP: 5/5
  1708 | D:2      | Noticed Sigmund
  2142 | D:2      | Reached skill level 4 in Maces & Flails
  2272 | D:2      | Reached XP level 4. HP: 20/37 MP: 6/6
  2840 | D:3      | Reached skill level 5 in Maces & Flails
  2842 | D:3      | Reached XP level 5. HP: 31/42 MP: 7/7
  4336 | D:4      | Reached skill level 6 in Maces & Flails
  4336 | D:4      | Reached XP level 6. HP: 50/50 MP: 8/8
  4561 | D:5      | Found a staircase to the Ecumenical Temple.
  4699 | D:5      | Reached skill level 7 in Maces & Flails
  5155 | D:5      | Identified the scarf "Kunac" {harm, Will+ Regen+}
  5350 | D:5      | Reached XP level 7. HP: 18/56 MP: 9/9
  5946 | D:6      | Noticed Menkaure
  5975 | D:6      | Noticed Edmund
  6053 | D:5      | Reached skill level 8 in Maces & Flails
  6210 | D:5      | Killed Edmund
  6294 | D:6      | Slain by Prince Ribbit

Illustrated notes

Levels and vault maps discovered:
D:1:      evilmike_arrival_crescent, layout_loops_corners
D:2:      layout_basic, uniq_sigmund
D:3:      layout_basic, grunt_dithmenos_smoke_and_mirrors,
          hellmonk_ecumenical_altar_prayer_group, grunt_ministairs_15,
          chequers_serial_rivers_micro_c
D:4:      layout_cave_pools, serial_co_window_serial, co_window_corner_a,
          co_window_corner_a, co_window_paths_a, co_window_corner_a,
          co_window_of_opportunity_a, co_window_corner_a, co_window_paths_b,
          co_window_2corner, co_window_of_opportunity_b, co_window_2corner,
          co_window_corner_b, co_window_unsneaky_path_d, co_window_2corner,
          co_window_paths_e, glass_columns_b, glass_columns_b, glass_columns_b,
          glass_columns_a, glass_columns_a, nicolae_tricolors
D:5:      layout_loops_corners, minitemple, minmay_temple_entry_sparse_star,
          serial_shops, shop, saegor_snake_ambush, uniq_prince_ribbit1
D:6:      layout_basic, serial_shops, nicolae_shop_hallway_plus, st_stairs_3,
          uniq_jeremiah, uniq_menkaure, uniq_edmund

Skill      XL: |  1  2  3  4  5  6  7 |
---------------+----------------------+-----
Maces & Flails | 2 3 4 5 6 7 8 |  8.5
Fighting       | |  2.6
Dodging        | |  1.7
Stealth        | |  4.5

Action                     |  1- 3 |  4- 6 |  7- 9 || total
---------------------------+-------+-------+-------++-------
  Melee: Quarterstaff      |   130 |    24 |    23 ||   177
         Hand axe          |       |   114 |    26 ||   140
  Throw: Dart              |     2 |    14 |     6 ||    22
         Boomerang         |       |     4 |     7 ||    11
  Evoke: Wand              |       |     3 |       ||     3
    Use: Scroll            |       |     4 |     3 ||     7
   Stab: Sleeping          |     3 |       |       ||     3
 Armour: Leather armour    |     5 |       |       ||     5
         Chain mail        |    92 |   136 |    38 ||   266
         Scale mail        |       |       |    13 ||    13
  Dodge: Dodged            |    53 |    57 |    19 ||   129

Table legend: (Time is in decaauts)
 A = Elapsed time spent in this place.
 B = Non-inter-level travel time spent in this place.
 C = Inter-level travel time spent in this place.
 D = Time resting spent in this place.
 E = Time spent auto-exploring this place.
 F = Levels seen in this place.
 G = Mean time per level.
                   A        B        C        D        E       F      G
               +--------+--------+--------+--------+--------+-----+--------+
         Total |   6374 |   5917 |    457 |    718 |   3484 |   6 | 1062.3 |
       Dungeon |   6374 |   5917 |    457 |    718 |   3484 |   6 | 1062.3 |
               +--------+--------+--------+--------+--------+-----+--------+

Top non-repeatable levels by time:
     D:5: 1840 daAuts
     D:4: 1447 daAuts
     D:2: 1101 daAuts
     D:1: 1031 daAuts
     D:3: 891 daAuts
     D:6: 60 daAuts
